 Dungeon Crawl Stone Soup version 0.28-a0-941-g140ffa10cf (webtiles) character file.

Game seed: 8059150207541106525

2111 esgrovinhado2 the Cleaver (level 9, -5/75 HPs)
             Began as a Hill Orc Fighter on Nov 29, 2021.
             Was a Priest of Nemelex Xobeh.
             Slain by a sixfirhy (8 damage)
             ... summoned by the player character
             ... on level 7 of the Dungeon.
             The game lasted 00:28:31 (6088 turns).

esgrovinhado2 the Cleaver (Hill Orc Fighter)        Turns: 6088, Time: 00:28:32

Health: -5/75      AC: 10    Str: 20    XL:     9   Next: 28%
Magic:  9/9        EV: 10    Int:  8    God:    Nemelex Xobeh [***...]
Gold:   163        SH:  0    Dex: 12    Spells: 8/8 levels left

rFire   . . .      SeeInvis .   o - +0 battleaxe (venom)
rCold   . . .      Faith    .   (shield currently unavailable)
rNeg    . . .      Spirit   .   b - +0 scale mail
rPois   .          Reflect  .   g - +0 helmet
rElec   .          Harm     .   (no cloak)
rCorr   .          Rampage  .   v - +0 pair of gloves
Will    .....                   (no boots)
Stlth   ..........              (no amulet)
HPRegen 0.22/turn               (no ring)
MPRegen 0.11/turn               (no ring)

@: no status effects
A: no striking features
a: Renounce Religion, Draw Escape, Draw Destruction, Draw Summoning, Triple Draw


You were on level 7 of the Dungeon.
You worshipped Nemelex Xobeh.
Nemelex Xobeh was most pleased with you.
You visited 1 branch of the dungeon, and saw 7 of its levels.

You collected 293 gold pieces.
You spent 130 gold pieces at shops.

Inventory:

Hand Weapons
 a - a +0 war axe
 l - a +2 whip of pain
 o - a +0 battleaxe of venom (weapon)
 A - a +3 spear
Missiles
 h - 127 arrows
 j - 35 bolts
 k - 16 poisoned darts (quivered)
Armour
 b - a +0 scale mail (worn)
 c - a +0 robe
 g - a +0 helmet (worn)
 t - a +0 chain mail
 v - a +0 pair of gloves (worn)
 y - a +0 scale mail
Wands
 m - a wand of polymorph (13)
Scrolls
 q - 7 scrolls of identify
 r - a scroll of acquirement
 s - a scroll of vulnerability
 u - a scroll of summoning
 x - a scroll of enchant armour {unknown}
 z - a scroll of fear {unknown}
Potions
 d - 2 potions of might
 e - 4 potions of flight
 n - a potion of degeneration {unknown}
 p - a potion of mutation {unknown}
 w - 2 potions of haste {unknown}


   Skills:
 + Level 5.9 Fighting
 * Level 12.5 Axes
 + Level 6.5 Armour
 + Level 1.2 Dodging
 + Level 1.0 Stealth
 + Level 4.0 Shields


You had 8 spell levels left.
You didn't know any spells.
Your spell library contained the following spells:

 Spells                   Type           Power      Damage    Failure   Level
 Freeze                   Ice            0%         1d3       75%         1
 Frozen Ramparts          Ice            0%         1d2       98%         3
 Hailstorm                Conj/Ice       0%         3d3       100%        4


Dungeon Overview and Level Annotations

Branches:
Dungeon (7/15)             Temple (0/1) D:6

Altars:
Gozag
Hepliaklqana
Makhleb
Nemelex Xobeh
Wu Jian

Shops:
D:1 *   D:6 ?


Message History

Your centaur warrior kicks the bullfrog.
The bullfrog hits your centaur warrior.
The centaur shoots an arrow.
The arrow hits you!
Your centaur warrior hits the bullfrog.
The bullfrog dies!
Your centaur warrior wields a +0 shortbow.
Your centaur warrior shoots an arrow.
The arrow hits the centaur!
Your life force feels restored.
You feel better.
Your naga sharpshooter spits poison at the centaur.
The splash of poison hits the centaur.
The centaur is poisoned.
Your centaur warrior shoots an arrow.
The arrow hits the centaur!!
The centaur dies!
Esgrovinhado2's illusion shimmers and vanishes!
Press: ? - help, v - describe, . - travel, g - get item
Items here: a +0 scimitar; a +0 robe.
The floor, spattered with blood.
You hear the faint creaking of a very distant portcullis.
Things that are here:
a +0 scimitar; a +0 robe You start resting.
Your naga sharpshooter disappears in a puff of smoke!
Your centaur warrior disappears in a puff of smoke!
A centaur zombie comes into view.
Things that are here:
a +0 scimitar; a +0 robe You draw a card...
You have drawn the Pentagram.
The sixfirhy hits you. The sixfirhy shocks you! The sixfirhy hits you.
The sixfirhy shocks you! The sixfirhy hits you!
* * * LOW HITPOINT WARNING * * *
The sixfirhy shocks you!
* * * LOW HITPOINT WARNING * * *
Your rakshasa completely misses the sixfirhy.
Your rakshasa hits the sixfirhy from afar with a +0 trident!
The sixfirhy hits you but does no damage.
Your rakshasa blinks!
The sixfirhy hits you but does no damage. x2
The sixfirhy hits you!
You die...
Your body glows slightly and disappears.

...##......)......
##.##.......)†....
#.....<.))...^....
##...........#
..#......).....#..
......#...Z))).....#
..............#++#..#
..........3..## #.#
.##.......@..# ...
.............# ...
..............# ..
......##....)...
....## ##)...... ....
......... ..
....?..#. ......#


You could see a sixfirhy (summoned) and a centaur zombie.

Vanquished Creatures
  Sigmund (D:3)
  An ice beast (D:4)
  A necrophage (D:5)
  2 phantoms
  A scorpion (D:4)
  A jelly (D:6)
  5 wights
  2 hounds
  3 orc priests (D:3)
  A gnoll shaman (D:7)
  A bullfrog skeleton (D:6)
  Jessica (D:3)
  Ijyb (D:3)
  2 orc wizards (D:6)
  2 iguanas
  3 hound skeletons (D:5)
  A howler monkey skeleton (D:5)
  6 gnolls
  7 adders
  2 shadow imps
  An adder skeleton (D:4)
  2 worms
  A dart slug (D:1)
  7 orcs
  8 endoplasms
  2 giant cockroaches
  6 goblins
  8 hobgoblins
  5 kobolds
  3 quokkas
  A ball python (D:2)
  5 bats
  2 frilled lizards (D:2)
  3 rats
98 creatures vanquished.

Vanquished Creatures (collateral kills)
  A cyclops (D:6)
  A centaur (D:7)
  A bullfrog (D:7)
  4 wights (D:7)
7 creatures vanquished.

Vanquished Creatures (others)
  2 fungi (D:3)
2 creatures vanquished.

Grand Total: 107 creatures vanquished

Notes
Turn   | Place    | Note
-------+----------+-------------------------------------------
     0 | D:1      | esgrovinhado2 the Hill Orc Fighter began the quest for the
                  | Orb.
     0 | D:1      | Reached XP level 1. HP: 19/19 MP: 1/1
   220 | D:1      | Reached XP level 2. HP: 27/27 MP: 2/2
   411 | D:1      | Reached skill level 3 in Axes
   694 | D:1      | Reached XP level 3. HP: 29/33 MP: 3/3
   699 | D:1      | Found Judofodghau's General Store.
   906 | D:2      | Found a sparkling altar of Nemelex Xobeh.
   929 | D:2      | Became a worshipper of Nemelex Xobeh the Trickster
  1646 | D:2      | Reached XP level 4. HP: 40/40 MP: 4/4
  1651 | D:2      | Reached skill level 4 in Axes
  1941 | D:3      | Reached * piety under Nemelex Xobeh
  1953 | D:3      | Noticed Ijyb
  1962 | D:3      | Killed Ijyb
  1963 | D:3      | Reached skill level 5 in Axes
  1963 | D:3      | Reached XP level 5. HP: 42/46 MP: 5/5
  2054 | D:3      | Noticed Jessica
  2055 | D:3      | Found an ornate altar of the Wu Jian Council.
  2062 | D:3      | Killed Jessica
  2073 | D:3      | Identified a scroll of acquirement
  2073 | D:3      | Acquired a +0 battleaxe of venom
  2111 | D:3      | Noticed Sigmund
  2139 | D:3      | Killed Sigmund
  2140 | D:3      | Reached skill level 6 in Axes
  2140 | D:3      | Reached XP level 6. HP: 31/55 MP: 6/6
  2301 | D:3      | Found a hazy altar of Hepliaklqana.
  2407 | D:3      | Found an opulent altar of Gozag.
  2484 | D:3      | Reached skill level 1 in Stealth
  3063 | D:4      | Received a gift from Nemelex Xobeh
  3292 | D:4      | Reached XP level 7. HP: 60/60 MP: 7/7
  3373 | D:4      | Reached ** piety under Nemelex Xobeh
  3464 | D:4      | Reached skill level 7 in Axes
  3741 | D:4      | Received a gift from Nemelex Xobeh
  3841 | D:5      | Entered Level 5 of the Dungeon
  3873 | D:4      | Reached skill level 5 in Fighting
  3873 | D:4      | Reached skill level 5 in Armour
  4095 | D:5      | Reached skill level 8 in Axes
  4424 | D:5      | Reached skill level 1 in Dodging
  4633 | D:5      | Reached skill level 9 in Axes
  4633 | D:5      | Reached XP level 8. HP: 53/68 MP: 8/8
  4742 | D:6      | Found a burning altar of Makhleb.
  4782 | D:6      | Found a staircase to the Ecumenical Temple.
  4896 | D:6      | Noticed a cyclops
  4920 | D:6      | Killed a cyclops
  4921 | D:6      | Reached skill level 10 in Axes
  5048 | D:6      | Found Deacraf's Magic Scroll Shoppe.
  5057 | D:6      | Received a gift from Nemelex Xobeh
  5059 | D:6      | Bought a scroll of identify for 26 gold pieces
  5059 | D:6      | Bought a scroll of identify for 26 gold pieces
  5059 | D:6      | Bought a scroll of identify for 26 gold pieces
  5059 | D:6      | Bought a scroll of identify for 26 gold pieces
  5059 | D:6      | Bought a scroll of identify for 26 gold pieces
  5482 | D:6      | Reached skill level 11 in Axes
  5638 | D:6      | Received a gift from Nemelex Xobeh
  5737 | D:6      | Reached *** piety under Nemelex Xobeh
  6015 | D:7      | Reached XP level 9. HP: 71/75 MP: 9/9
  6033 | D:7      | Reached skill level 12 in Axes
  6083 | D:7      | Noticed a sixfirhy
  6084 | D:7      | HP: 2/75 [sixfirhy[the player character] (10)]
  6088 | D:7      | Slain by a sixfirhy

Illustrated notes

Levels and vault maps discovered:
D:1:      amcnicky_arrival_single_pillar, layout_loops_ring, serial_shops,
          nicolae_diamond_shop, corexii_corridor_pit
D:2:      layout_basic, basic_altar
D:3:      layout_basic, grunt_gozag_statues, mainiacjoe_overflow_chevrons,
          lemuel_round_altar, uniq_jessica, uniq_ijyb, uniq_sigmund
D:4:      layout_cave_pods, minmay_misc_feat_tower
D:5:      layout_loops_ring, serial_rivers, chequers_serial_rivers_micro_a,
          chequers_serial_rivers_room_a, chequers_serial_rivers_micro_a,
          chequers_serial_rivers_room_a, chequers_serial_rivers_micro_e,
          chequers_serial_rivers_micro_c
D:6:      layout_loops_corners, lemuel_doored_altar,
          minmay_temple_entry_enclosed_plants, serial_shops, nicolae_square_shop
D:7:      layout_cave_pools, nicolae_overflow_hidden_temple, enter_bailey_5,
          serial_gnoll_camp, gnoll_camp_mini_basic, gnoll_camp_mini_hut,
          gnoll_camp_mini_house, gnoll_camp_mini_sergeant,
          gnoll_camp_mini_loothouse, gnoll_camp_mini_hut, minmay_misc_feat_rows

Skill      XL: |  1  2  3  4  5  6  7  8  9 |
---------------+----------------------------+-----
Fighting       | 4 5 |  5.9
Axes           | 3 5 6 9 11 12 | 12.5
Armour         | 4 5 6 |  6.5
Shields        | 4 |  4.0
Stealth        | 1 |  1.0
Dodging        | 1 |  1.2

Action                   |  1- 3 |  4- 6 |  7- 9 || total
-------------------------+-------+-------+-------++-------
Melee: War axe           |    95 |    28 |       ||   123
       Battleaxe         |       |    56 |   125 ||   181
Invok: Draw Destruction  |       |       |     5 ||     5
       Draw Summoning    |       |       |     5 ||     5
  Use: Potion            |     5 |     2 |     4 ||    11
       Scroll            |     3 |     3 |       ||     6
Armor: Scale mail        |    35 |    20 |    24 ||    79
       Chain mail        |       |     4 |    58 ||    62
Dodge: Dodged            |    55 |    40 |    63 ||   158
Block: Buckler           |    24 |     5 |       ||    29

Table legend: (Time is in decaauts)
 A = Elapsed time spent in this place.
 B = Non-inter-level travel time spent in this place.
 C = Inter-level travel time spent in this place.
 D = Time resting spent in this place.
 E = Time spent auto-exploring this place.
 F = Levels seen in this place.
 G = Mean time per level.
                   A        B        C        D        E       F      G
               +--------+--------+--------+--------+--------+-----+--------+
         Total |   6185 |   6063 |    122 |    583 |   3761 |   7 |  883.6 |
       Dungeon |   6185 |   6063 |    122 |    583 |   3761 |   7 |  883.6 |
               +--------+--------+--------+--------+--------+-----+--------+

Top non-repeatable levels by time:
     D:6: 1279 daAuts
     D:3: 1088 daAuts
     D:2: 998 daAuts
     D:1: 922 daAuts
     D:4: 915 daAuts
     D:5: 891 daAuts
     D:7: 90 daAuts
